 Dungeon Crawl Stone Soup version 0.29.0-13-gc9e81de378 (webtiles) character file.

Game seed: 12578614527217356635

126 Ofeo the Digger (level 5, -1/38 HPs)
             Began as a Meteoran Earth Elementalist on Sept 10, 2022.
             Slain by a scorpion (6 damage)
             ... on level 4 of the Dungeon.
             The game lasted 00:01:43 (174 turns).

Ofeo the Digger (Meteoran Earth Elementalist)        Turns: 174, Time: 00:01:43

Health: -1/38      AC:  2    Str:  9    XL:     5   Next: 59%
Magic:  2/11       EV: 13    Int: 18    God:
Gold:   13         SH:  0    Dex: 15    Spells: 10/11 levels left

rFire   . . .      SeeInvis .   (no weapon)
rCold   . . .      Faith    .   (no shield)
rNeg    . . .      Spirit   .   a - +0 robe
rPois   .          Reflect  .   (no helmet)
rElec   .          Harm     .   (no cloak)
rCorr   .          Rampage  .   (no gloves)
Will    .....                   (no boots)
Stlth   +.........              (no amulet)
HPRegen 0.12/turn               (no ring)
MPRegen 0.12/turn               (no ring)

@: lethally poisoned (-1 -> -20), glowing
A: sense surroundings 1, otherworldly, glowing, explore regen
a: no special abilities


You were on level 4 of the Dungeon.
You visited 1 branch of the dungeon, and saw 4 of its levels.

You collected 13 gold pieces.

Inventory:

Missiles
 i - 3 silver boomerangs
Armour
 a - a +0 robe (worn)
Scrolls
 c - a scroll of fog {unknown}
 e - a scroll of enchant armour {unknown}
 f - a scroll of vulnerability {unknown}
 g - a scroll of identify {unknown}
Potions
 d - a potion of resistance {unknown}
 h - a potion of flight {unknown}


   Skills:
 + Level 3.5 Dodging
 + Level 2.2 Stealth
 + Level 3.6 Spellcasting
 + Level 2.6 Transmutations
 + Level 4.4 Earth Magic


You had 10 spell levels left.
You knew the following spells:

 Your Spells              Type           Power      Damage    Failure   Level
a - Sandblast             Erth           38%        2d10      2%          1

Your spell library contained the following spells:

 Spells                   Type           Power      Damage    Failure   Level
 Passwall                 Tmut/Erth      13%        N/A       5%          2
 Stone Arrow              Conj/Erth      22%        3d8       19%         3
 Petrify                  Tmut/Erth      16%        N/A       34%         4


Dungeon Overview and Level Annotations

Branches:
Dungeon (4/15) Zot: 2204
 Temple: D:4-7

Altars:


Innate Abilities, Weirdness & Mutations

You passively map a small area around you.
You are easily found by Zot.
You glow in the dark.
You regain HP and MP as you explore.


Message History

Casting: Sandblast (safe; 2% risk of failure)
Confirm with . or Enter, or press ? or * to list all spells.
Aiming: Sandblast (safe; 2% risk of failure)
Press: ? - help, Shift-Dir - straight line, f/p - scorpion
Aim: a scorpion (heavily wounded, 82% to hit)
The blast of sand hits the scorpion but does no damage.
The scorpion is heavily wounded.
The scorpion stings you.
You are poisoned.
The scorpion poisons you! The scorpion stings you.
You are more poisoned.
The scorpion poisons you!
You take 5 damage, and have 31/38 hp.
You now have 4/11 mp.
Casting: Sandblast (safe; 2% risk of failure)
Confirm with . or Enter, or press ? or * to list all spells.
Aiming: Sandblast (safe; 2% risk of failure)
Press: ? - help, Shift-Dir - straight line, f/p - scorpion
Aim: a scorpion (heavily wounded, 82% to hit)
The blast of sand hits the scorpion!
The scorpion is almost dead.
You feel extremely sick. The scorpion stings you.
You are lethally poisoned!
The scorpion poisons you! The scorpion barely misses you.
You take 12 damage, and have 19/38 hp.
MASSIVE DAMAGE!!
You now have 3/11 mp.
Casting: Sandblast (safe; 2% risk of failure)
Confirm with . or Enter, or press ? or * to list all spells.
Aiming: Sandblast (safe; 2% risk of failure)
Press: ? - help, Shift-Dir - straight line, f/p - scorpion
Aim: a scorpion (almost dead, 82% to hit)
The blast of sand hits the scorpion but does no damage.
The scorpion is almost dead.
* * * LOW HITPOINT WARNING * * *
You feel extremely sick. The scorpion stings you.
* * * LOW HITPOINT WARNING * * *
The scorpion stings you.
You die...

~ #.# * #[# # ~
#.#####.# #.......#*
~ ~ #......, #...., *
~ , #s<# * ~* #@P#*
##. ##~~♣ ,.....
##~~~♣♣♣~.# ~
#PP~~~~~♣ * #~~~~~≈~♣
~ , ~ #~P~~P≈~♣♣♣
#♣~~P≈~~≈~♣♣♣
##♣~P≈≈≈≈≈~~≈~~~~~.~
#..♣~~~≈~~P~~~~~≈~.~#


You could see a scorpion.

Vanquished Creatures
  An ogre (D:4)
  A jelly (D:4)
  2 orcs (D:4)
  A giant cockroach (D:4)
  A goblin (D:1)
  2 kobolds (D:1)
  2 ball pythons (D:4)
  A rat (D:1)
11 creatures vanquished.

Vanquished Creatures (others)
  3 plants (D:4)
3 creatures vanquished.

Grand Total: 14 creatures vanquished

Notes
Turn   | Place    | Note
-------+----------+-------------------------------------------
     0 | D:1      | Ofeo the Meteoran Earth Elementalist began the quest for
                  | the Orb.
     0 | D:1      | Reached XP level 1. HP: 14/14 MP: 5/5
    49 | D:1      | Reached XP level 2. HP: 20/20 MP: 3/6
    54 | D:2      | You fall into a shaft and drop 2 floors!
   140 | D:4      | Noticed an ogre
   149 | D:4      | Killed an ogre
   150 | D:4      | Reached skill level 4 in Earth Magic
   150 | D:4      | Reached XP level 3. HP: 20/26 MP: 7/9
   150 | D:4      | Reached XP level 4. HP: 25/33 MP: 7/10
   150 | D:4      | Reached XP level 5. HP: 29/38 MP: 7/11
   174 | D:4      | Slain by a scorpion

Illustrated notes

Levels and vault maps discovered:
D:1:      minmay_arrival_four_loops, layout_loops_corners
D:2:      layout_basic, shapermc_ecumenical_altar_venn, minmay_box_of_dots,
          uniq_terence
D:3:      layout_loops_ring, serial_shops, nicolae_shop_behind_doors,
          minivault_27, uniq_crazy_yiuf_cottage, uniq_ijyb, uniq_grinder
D:4:      dreamdust_elfheim, layout_loops_corners, lemuel_doored_altar,
          serial_bayou_lagoon_b

Skill      XL: |  1  2 |
---------------+-------+-----
Dodging        | 3 |  3.5
Stealth        | 2 |  2.2
Spellcasting   | 3 |  3.6
Transmutations | 2 |  2.6
Earth Magic    | 4 |  4.4

Action                   |  1- 3 |  4- 6 || total
-------------------------+-------+-------++-------
 Cast: Sandblast         |    16 |    10 ||    26
  Use: Potion            |     1 |       ||     1
Armor: Robe              |       |     2 ||     2
Dodge: Dodged            |     7 |     3 ||    10
